 Dungeon Crawl Stone Soup version 0.31-a0-202-g547052bce9 (webtiles) character file.

Game seed: 5102873093292417270

566 qw the Skirmisher (level 7, -6/40 HPs)
             Began as a Deep Elf Hunter on June 26, 2023.
             Splashed by a jelly's acid (8 damage)
             ... on level 5 of the Dungeon.
             The game lasted 00:01:08 (2835 turns).

qw the Skirmisher (Deep Elf Hunter)                 Turns: 2835, Time: 00:01:09

Health: -6/40      AC:  5    Str: 16    XL:     7   Next: 10%
Magic:  9/9        EV: 12    Int: 14    God:
Gold:   227        SH:  5    Dex: 18    Spells: 6/6 levels left

rFire   . . .        Y - +2 shortbow
rCold   . . .        (shield currently unavailable)
rNeg    . . .        f - +0 ring mail
rPois   .            (no helmet)
rElec   .            (no cloak)
rCorr   .            (no gloves)
SInv    .            (no boots)
Will    .....        m - amulet of reflection
Stlth   +            p - +6 ring of strength
HPRegen 0.26/turn    (no ring)
MPRegen 0.11/turn

%: reflection
@: about to teleport
A: no striking features
a: no special abilities


You were on level 5 of the Dungeon.
You visited 1 branch of the dungeon, and saw 5 of its levels.

You collected 227 gold pieces.


   Skills:
 - Level 2.1 Fighting
 + Level 10.7 Ranged Weapons
 - Level 3.3 Dodging
 - Level 1.2 Stealth


You had 6 spell levels left.
You didn't know any spells.
Your spell library was empty.

Inventory:

Hand Weapons
 Y - a +2 shortbow (weapon)
Armour
 f - a +0 ring mail (worn)
Jewellery
 m - an amulet of reflection (around neck)
 p - a +6 ring of strength (left hand)
Scrolls
 e - a scroll of identify
Potions
 a - a potion of curing
 b - a potion of might
 g - a potion of enlightenment
 h - a potion of haste {unknown}
 j - a potion of invisibility {unknown}
 k - 3 potions of heal wounds
 n - a potion of resistance {unknown}

Dungeon Overview and Level Annotations

Branches:
Dungeon (5/15)
 Temple: D:4-7

Altars:

Shops:
D:1 :   D:2 (


Message History

You shoot an arrow. The arrow hits the ogre.
The ogre is lightly wounded.
The ogre completely misses you. The adder bites you but does no damage.
You shoot an arrow. The arrow barely misses the ogre.
The arrow closely misses the scorpion.
You block the adder's attack.
The ogre hits you with a +0 giant spiked club!
The adder bites you but does no damage.
You shoot an arrow. The arrow hits the ogre.
The ogre is lightly wounded.
The adder bites you.
You shoot an arrow. The arrow hits the ogre.
The ogre is moderately wounded.
You block the ogre's attack. The jelly misses you.
You block the adder's attack. The scorpion stings you.
You shoot an arrow. The arrow barely misses the ogre.
You block the adder's attack. The jelly completely misses you.
The scorpion stings you but does no damage.
The ogre completely misses you.
You shoot an arrow. The arrow hits the ogre.
The ogre is heavily wounded.
The adder bites you but does no damage. The scorpion closely misses you.
The jelly hits you but does no damage. The adder bites you but does no damage.
You shoot an arrow. The arrow hits the ogre.
The ogre is severely wounded.
The scorpion barely misses you. The ogre closely misses you.
The jelly hits you but does no damage. The adder bites you.
You shoot an arrow. The arrow hits the ogre!
You kill the ogre!
You block the scorpion's attack. The adder bites you.
The jelly barely misses you. The scorpion completely misses you.
You have reached level 7!
You shoot an arrow. The arrow barely misses the jelly.
The adder barely misses you. The jelly hits you.
You are splashed with acid.
The scorpion stings you.
2835 ||| READING scroll of teleportation.
As you read the scroll of teleportation, it crumbles to dust.
You feel strangely unstable. You block the adder's attack. The jelly hits you.
You are splashed with acid!
You die...

### #<# #.#
###############.#
#...............#
#.#..############
#.......#
###.##.####+###
.......s@J......
.......)S.......
...#............
..........##....
#...#.#..# ###
#<.........
#......#...#
....(.#...#


You could see a scorpion, a jelly and an adder.

Vanquished Creatures
  An ogre (D:5)
  2 scorpions (D:4)
  An orc priest (D:4)
  2 hounds (D:4)
  Natasha (twice) (D:3)
  2 iguanas
  3 orc wizards (D:4)
  3 adders
  A worm (D:2)
  A dart slug (D:3)
  5 orcs
  9 ball pythons
  5 bats
  6 endoplasms
  3 giant cockroaches
  3 goblins
  6 hobgoblins
  4 jackals (D:4)
  2 quokkas
  4 frilled lizards
  7 kobolds
  6 rats
78 creatures vanquished.

Notes
Turn   | Place    | Note
-------+----------+-------------------------------------------
     0 | D:1      | qw the Deep Elf Hunter began the quest for the Orb.
     0 | D:1      | Reached XP level 1. HP: 12/12 MP: 3/3
     0 | D:1      | 0 ||| qw: Version: 0.3-a-22-g0ed2b0b
     0 | D:1      | 0 ||| qw: Game counter: 6019
     0 | D:1      | 0 ||| qw: Melee chars always use a shield: true
     0 | D:1      | 0 ||| qw: God list: Okawaru
     0 | D:1      | 0 ||| qw: Allow faded altars: false
     0 | D:1      | 0 ||| qw: Do Orc after clearing Dungeon:15 true
     0 | D:1      | 0 ||| qw: Do second Lair branch before Depths: true
     0 | D:1      | 0 ||| qw: Lair rune preference: random
     0 | D:1      | 0 ||| qw: Goals: Normal
     0 | D:1      | 0 ||| PLANNING D:1-11
    92 | D:1      | Found Lyori's Vocational Training.
   229 | D:1      | Reached skill level 6 in Ranged Weapons
   229 | D:1      | Reached XP level 2. HP: 16/16 MP: 4/4
   275 | D:1      | Found Tolicej's Assorted Antiques.
   605 | D:1      | Found a faded altar of an unknown god.
  1115 | D:1      | 1115 ||| UPGRADING to +0 ring mail.
  1125 | D:1      | 1125 ||| DROPPING +0 leather armour.
  1126 | D:1      | 1126 ||| READING scroll labelled JYDUUCRUS.
  1127 | D:1      | 1127 ||| READING scroll labelled URACOA FUTEXIL.
  1128 | D:1      | 1128 ||| DRINKING 2 bubbling puce potions.
  1129 | D:1      | 1129 ||| DROPPING scroll of butterflies.
  1130 | D:1      | 1130 ||| DROPPING potion of attraction.
  1169 | D:2      | Reached XP level 3. HP: 20/20 MP: 5/5
  1284 | D:2      | Reached skill level 7 in Ranged Weapons
  1485 | D:2      | Found Xaatoic's Antique Weapon Boutique.
  1551 | D:2      | 1551 ||| READING 2 scrolls labelled WIRUDU HYGEF.
  1552 | D:2      | 1552 ||| READING scroll of enchant weapon.
  1552 | D:2      | 1552 ||| ENCHANTING +1 shortbow.
  1553 | D:2      | 1553 ||| READING scroll labelled BICSOE HEEHO.
  1557 | D:2      | 1557 ||| READING 2 scrolls labelled ZIMPAG FUCUFFU.
  1558 | D:2      | 1558 ||| DRINKING 4 viscous clear potions.
  1559 | D:2      | 1559 ||| DRINKING 4 brown potions.
  1560 | D:2      | 1560 ||| DROPPING 3 potions of degeneration.
  1730 | D:3      | Noticed Natasha
  1733 | D:3      | Killed Natasha
  1734 | D:3      | Reached XP level 4. HP: 25/25 MP: 6/6
  1755 | D:3      | Reached skill level 8 in Ranged Weapons
  1860 | D:3      | Noticed Natasha
  1864 | D:3      | Killed Natasha
  1865 | D:3      | Reached XP level 5. HP: 29/29 MP: 7/7
  1959 | D:3      | 1959 ||| UPGRADING to amulet of reflection.
  1964 | D:3      | 1964 ||| READING scroll labelled MAIKOSE OSANTOSA.
  1965 | D:3      | 1965 ||| READING scroll labelled UDETAL VOUXT.
  1966 | D:3      | 1966 ||| READING scroll labelled TIEROA REETT.
  2067 | D:3      | 2067 ||| READING 4 scrolls of identify.
  2067 | D:3      | 2067 ||| IDENTIFYING glowing black potion
  2068 | D:3      | 2068 ||| READING 3 scrolls of identify.
  2068 | D:3      | 2068 ||| IDENTIFYING clear potion
  2069 | D:3      | 2069 ||| READING 2 scrolls of identify.
  2069 | D:3      | 2069 ||| IDENTIFYING sedimented golden potion
  2115 | D:4      | Reached skill level 9 in Ranged Weapons
  2169 | D:4      | Reached XP level 6. HP: 35/35 MP: 8/8
  2336 | D:4      | Reached skill level 10 in Ranged Weapons
  2572 | D:4      | Reached skill level 3 in Dodging
  2586 | D:4      | 2586 ||| FLEEEEING.
  2588 | D:4      | 2588 ||| FLEEEEING.
  2589 | D:4      | 2589 ||| FLEEEEING.
  2590 | D:4      | 2590 ||| FLEEEEING.
  2591 | D:4      | 2591 ||| FLEEEEING.
  2592 | D:4      | 2592 ||| FLEEEEING.
  2593 | D:4      | 2593 ||| STAIRDANCE
  2619 | D:3      | 2619 ||| DROPPING ring of flight.
  2620 | D:3      | 2620 ||| UPGRADING to +6 ring of strength.
  2621 | D:3      | 2621 ||| READING 2 scrolls labelled YWAG HOYTAL.
  2622 | D:3      | 2622 ||| READING scroll labelled ZYJICIO DANEI.
  2623 | D:3      | 2623 ||| READING 2 scrolls labelled MOQAZA VAIR.
  2624 | D:3      | 2624 ||| DRINKING 2 purple potions.
  2625 | D:3      | 2625 ||| DROPPING scroll of fear.
  2626 | D:3      | 2626 ||| DROPPING potion of magic.
  2627 | D:3      | 2627 ||| DROPPING scroll of revelation.
  2800 | D:5      | Entered Level 5 of the Dungeon
  2834 | D:5      | Reached XP level 7. HP: 15/40 MP: 9/9
  2834 | D:5      | HP: 8/40 [acid (5)]
  2834 | D:5      | HP: 3/40 [scorpion (5)]
  2835 | D:5      | 2835 ||| READING scroll of teleportation.
  2835 | D:5      | Splashed by a jelly's acid

Levels and vault maps discovered:
D:1:      psy_arrival_spokes, layout_basic, serial_bayou, serial_bayou_pond_c,
          serial_bayou_shore_b, serial_bayou_ford_a, serial_bayou_shore_b,
          chequers_ecumenical_altar_grove, serial_shops, shop,
          solitary_fountain, roderic_lattice_a, nicolae_shop_vocational
D:2:      layout_rooms, serial_shops, nicolae_shop_tiny_real_fake_doors
D:3:      layout_rooms, uniq_natasha
D:4:      layout_basic, minmay_pentomino_pile
D:5:      layout_basic, temple_hall, minmay_misc_feat_rows, uniq_menkaure

Skill      XL: |  1  2  3  4  5  6 |
---------------+-------------------+-----
Ranged Weapons | 6 7 8 9 10 | 10.7
Fighting       | 2 |  2.1
Dodging        | 3 |  3.3
Stealth        | |  1.2

Action                     |  1- 3 |  4- 6 |  7- 9 || total
---------------------------+-------+-------+-------++-------
   Fire: Shortbow          |   112 |   117 |     1 ||   230
    Use: Scroll            |     6 |     9 |     1 ||    16
         Potion            |     3 |     1 |       ||     4
 Armour: Leather armour    |     2 |       |       ||     2
         Ring mail         |     7 |    15 |       ||    22
  Dodge: Dodged            |    25 |    20 |     1 ||    46
  Block: Other             |       |    12 |     1 ||    13

Table legend:
 A = Non-vault XP
 B = Vault XP
 C = Vault XP percentage of total XP
 D = Non-vault monster count
 E = Vault monster count
 F = Vault count percentage of total count
                 A         B        C        D         E       F
            +---------+---------+-------+---------+---------+-------
      Total |     729 |      80 |   9.9 |      71 |       7 |   9.0
            +---------+---------+-------+---------+---------+-------
        D:1 |      25 |       0 |   0.0 |      16 |       0 |   0.0
        D:2 |      48 |       0 |   0.0 |      13 |       0 |   0.0
        D:3 |      94 |      35 |  27.1 |      18 |       1 |   5.3
        D:4 |     444 |      45 |   9.2 |      23 |       6 |  20.7
        D:5 |     118 |       0 |   0.0 |       1 |       0 |   0.0
            +---------+---------+-------+---------+---------+-------
